 Dungeon Crawl Stone Soup version 0.30-a0-847-g17996783a1 (webtiles) character file.

Game seed: 18273286225080279489

14 holysushi the Cutter (level 2, 0/24 HPs)
             Began as a Demonspawn Monk on Mar 3, 2023.
             Succumbed to an adder's poison
             ... on level 2 of the Dungeon.
             The game lasted 00:00:55 (1182 turns).

holysushi the Cutter (Demonspawn Monk)              Turns: 1182, Time: 00:00:56

Health: 0/24       AC:  2    Str: 11    XL:     2   Next: 31%
Magic:  2/2        EV: 13    Int: 11    God:
Gold:   14         SH:  0    Dex: 17    Spells: 1/1 levels left

rFire   . . .      SeeInvis .    a - +0 short sword
rCold   . . .      Faith    .    (no shield)
rNeg    . . .      Spirit   .    b - +0 robe
rPois   .          Reflect  .    (no helmet)
rElec   .          Rampage  .    (no cloak)
rCorr   .                        (no gloves)
Will    .....                    (no boots)
Stlth   +++                      (no amulet)
HPRegen 0.24/turn                (no ring)
MPRegen 0.08/turn                (no ring)

@: lethally poisoned (0 -> -6), fire susceptible
A: thin skeletal structure 1
a: no special abilities


You were on level 2 of the Dungeon.
You visited 1 branch of the dungeon, and saw 2 of its levels.

You collected 14 gold pieces.

Inventory:

Hand Weapons
 a - a +0 short sword (weapon)
Armour
 b - a +0 robe (worn)
Scrolls
 d - a scroll of fog {unknown}
 e - a scroll of immolation {unknown}
Potions
 c - a potion of ambrosia


   Skills:
 - Level 3.0 Fighting
 + Level 3.4 Short Blades
 - Level 2.6 Dodging
 - Level 1.7 Stealth


You had one spell level left.
You didn't know any spells.
Your spell library was empty.

Dungeon Overview and Level Annotations

Branches:
Dungeon (1/15) Zot: 10826

Altars:
Ignis


Innate Abilities, Weirdness & Mutations

You have a somewhat thin skeletal structure. (Dex +2, Stealth+)


Message History

The adder poisons you!
You closely miss the adder.
You feel sick. The adder completely misses you. The rat closely misses you.
You barely miss the adder.
You feel sick.
The endoplasm quivers.
The adder bites you. The rat bites you.
You hit the rat.
The rat is moderately wounded.
You feel sick. The adder bites you. The rat bites you but does no damage.
You are too injured to fight recklessly!
You closely miss the rat.
The rat is moderately wounded.
You feel sick. The adder closely misses you. The rat closely misses you.
You hit the rat.
You kill the rat!
You feel sick. The adder bites you.
You are more poisoned.
The adder poisons you!
You hit the adder.
The adder is moderately wounded.
You feel sick. The adder closely misses you. The adder bites you.
* * * LOW HITPOINT WARNING * * *
You are lethally poisoned!
The adder poisons you!
You hit the adder.
The adder is heavily wounded.
* * * LOW HITPOINT WARNING * * *
You feel sick. The adder closely misses you.
You hit the adder.
The adder is severely wounded.
* * * LOW HITPOINT WARNING * * *
You feel sick. The endoplasm misses you.
The adder bites you but does no damage.
You closely miss the adder.
The adder is severely wounded.
* * * LOW HITPOINT WARNING * * *
You feel sick. The adder closely misses you. The endoplasm closely misses you.
You barely miss the adder.
The adder is severely wounded.
You die...

### #. #.. #.
#....) .#...#.
.......###
###...... #
#.....S.#.#
####.#.###@#.#...
.....#.....J.#...
...!.....?.......
.....#.......#....
###..†....).#....
####.....$.....
#.....#####.
#(....# ###.###.#


You could see an adder and an endoplasm.

Vanquished Creatures
  A dart slug (D:1)
  3 ball pythons (D:1)
  A giant cockroach (D:1)
  2 goblins
  A hobgoblin (D:2)
  2 bats (D:1)
  2 kobolds (D:1)
  A rat (D:2)
13 creatures vanquished.

Notes
Turn   | Place    | Note
-------+----------+-------------------------------------------
     0 | D:1      | holysushi the Demonspawn Monk began the quest for the Orb.
     0 | D:1      | Reached XP level 1. HP: 18/18 MP: 1/1
    79 | D:1      | Found a faded altar of an unknown god.
    97 | D:1      | Prayed at the altar of an unknown god.
    97 | D:1      | Became a worshipper of Ignis, the Dying Flame
    97 | D:1      | Reached ****** piety under Ignis
    99 | D:1      | Fell from the grace of Ignis
  1047 | D:1      | Gained mutation: You have a somewhat thin skeletal
                  | structure. (Dex +2, Stealth+) [demonic ancestry]
  1047 | D:1      | Reached XP level 2. HP: 24/24 MP: 2/2
  1154 | D:1      | You fall into a shaft and drop 1 floor!
  1181 | D:2      | HP: 1/24 [poisoned by an adder]
  1182 | D:2      | Succumbed to an adder's poison

Illustrated notes

Levels and vault maps discovered:
D:1:      nagdon_arrival_zigzag_paths, layout_basic,
          hellmonk_ecumenical_altar_crossroads, minmay_misc_feat_x,
          palyth_stone_intersect
D:2:      layout_loops_cross, uniq_natasha

Skill      XL: |  1 |
---------------+----+-----
Short Blades   | 3 |  3.4
Fighting       | |  3.0
Dodging        | |  2.6
Stealth        | |  1.7

Action                     || total
---------------------------++-------
  Melee: Short sword       ||    55
 Invoke: Renounce Religion ||     1
   Stab: Sleeping          ||     1
 Armour: Robe              ||    15
  Dodge: Dodged            ||    34

Table legend: (Time is in decaauts)
 A = Elapsed time spent in this place.
 B = Non-inter-level travel time spent in this place.
 C = Inter-level travel time spent in this place.
 D = Time resting spent in this place.
 E = Time spent auto-exploring this place.
 F = Levels seen in this place.
 G = Mean time per level.
                   A        B        C        D        E       F      G
               +--------+--------+--------+--------+--------+-----+--------+
         Total |   1173 |   1173 |      0 |    900 |    148 |   2 |  586.5 |
       Dungeon |   1173 |   1173 |      0 |    900 |    148 |   2 |  586.5 |
               +--------+--------+--------+--------+--------+-----+--------+

Top non-repeatable levels by time:
     D:1: 1148 daAuts
     D:2: 25 daAuts
